 Dungeon Crawl Stone Soup version 0.27-a0-869-g165b36e3f0 (webtiles) character file.

Game seed: 5552720944325824135

58545 Lanoc the Gelid (level 14, 0/88 HPs)
             Began as a Deep Elf Wanderer on Apr 2, 2021.
             Was a High Priest of Qazlal.
             Killed from afar by an efreet (9 damage)
             ... with a bolt of fire
             ... on level 15 of the Dungeon on Apr 3, 2021.
             The game lasted 00:44:58 (21110 turns).

Lanoc the Gelid (Deep Elf Wanderer)                Turns: 21110, Time: 00:44:59

Health: 0/88       AC: 18    Str: 16    XL:     14   Next: 49%
Magic:  3/32       EV: 19    Int: 24    God:    Qazlal [*****.]
Gold:   1392       SH: 12    Dex: 14    Spells: 19/38 levels left

rFire    + + .     SeeInvis .   a - staff of cold
rCold    + + .     Faith    .   O - +0 buckler
rNeg     + . .     Spirit   .   H - +0 steam dragon scales
rPois    +         Reflect  .   M - +2 helmet
rElec    +         Harm     .   (no cloak)
rCorr    +         Rampage  .   (no gloves)
Will     +....                  j - +1 pair of boots
Stlth    +.........             z - amulet "Ogapn" {RegenMP Str+6}
HPRegen  0.24/turn              d - +4 ring of protection
MPRegen  0.48/turn              J - ring of positive energy

@: brilliant, resistant, protected from fire, frozen ramparts, hasted, studying
Long Blades, repel missiles, very quick
A: iridescent scales 2, electricity resistance, strong 1
a: Renounce Religion, Upheaval, Elemental Force, Disaster Area


You were on level 15 of the Dungeon.
You worshipped Qazlal.
Qazlal was extremely pleased with you.
You visited 2 branches of the dungeon, and saw 16 of its levels.
You also visited: Sewer.

You collected 2344 gold pieces.
You spent 952 gold pieces at shops.

Inventory:

Hand Weapons
 b - the +9 mace of a Gauntlet {vorpal, Int+3}
   (You found it on level 10 of the Dungeon)

   It inflicts extra damage upon your enemies.
   It affects your intelligence (+3).
Missiles
 f - a datura-tipped dart (quivered)
 n - 2 curare-tipped darts
 r - a throwing net
Armour
 j - a +1 pair of boots (worn)
 H - +0 steam dragon scales (worn)
 M - a +2 helmet (worn)
 O - a +0 buckler (worn)
 Q - a +0 kite shield of protection
Magical Staves
 a - a staff of cold (weapon)
Jewellery
 d - a +4 ring of protection (left hand)
 z - the amulet "Ogapn" (around neck) {RegenMP Str+6}
   (You acquired it on level 11 of the Dungeon)

   [amulet of magic regeneration]

   It increases your rate of magic regeneration.
   It affects your strength (+6).
 J - a ring of positive energy (right hand)
Wands
 o - a wand of flame (23)
 y - a wand of paralysis (9)
 B - a wand of random effects (39)
 G - a wand of polymorph (13)
Scrolls
 g - 2 scrolls of amnesia
 h - 5 scrolls of enchant weapon
 i - 2 scrolls of enchant armour
 l - a scroll of magic mapping {unknown}
 q - 5 scrolls of immolation
 x - 5 scrolls of fear
 A - 2 scrolls of holy word
 C - a scroll of fog
 D - 3 scrolls of blinking
 I - a scroll of brand weapon {unknown}
 R - a scroll of identify
Potions
 e - 5 potions of lignification
 k - 2 potions of mutation
 m - 2 potions of brilliance
 p - 4 potions of flight
 s - a potion of resistance
 t - a potion of haste
 u - 3 potions of might
 v - a potion of berserk rage
 w - 4 potions of cancellation
 E - a potion of ambrosia
 L - a potion of attraction
Miscellaneous
 N - a condenser vane (inert)
 P - a box of beasts (inert)


   Skills:
 + Level 10.7 Fighting
 - Level 1.0 Staves
 + Level 14.8 Dodging
 - Level 1.2 Stealth
 - Level 4.0 Shields
 + Level 12.8 Spellcasting
 - Level 1.1 Conjurations
 + Level 15.9 Ice Magic


You had 19 spell levels left.
You knew the following spells:

 Your Spells              Type           Power      Damage    Failure   Level
a - Freeze                Ice            100%       1d11      0%          1
b - Frozen Ramparts       Ice            100%       1d12      0%          3
c - Magic Dart            Conj           100%       1d8       2%          1
d - Ozocubu's Armour      Ice            100%       N/A       0%          3
e - Hailstorm             Conj/Ice       91%        3d18      1%          4
f - Summon Ice Beast      Ice/Summ       88%        N/A       1%          4
g - Blink                 Tloc           N/A        N/A       6%          2
h - Apportation           Tloc           46%        N/A       4%          1

Your spell library contained the following spells:

 Spells                   Type           Power      Damage    Failure   Level
 Ensorcelled Hibernation  Hex/Ice        100%       N/A       1%          2
 Corona                   Hex            25%        N/A       4%          1
 Sandblast                Erth           46%        2d11      4%          1
 Metabolic Englaciation   Hex/Ice        44%        N/A       4%          5
 Call Imp                 Summ           23%        N/A       6%          2
 Passwall                 Tmut/Erth      19%        N/A       6%          2
 Poisonous Vapours        Pois/Air       46%        N/A       6%          2
 Slow                     Hex            23%        N/A       6%          2
 Conjure Flame            Conj/Fire      27%        6-21      10%         3
 Dazzling Flash           Conj/Hex       54%        N/A       10%         3
 Stone Arrow              Conj/Erth      54%        3d10      10%         3
 Mephitic Cloud           Conj/Pois/Air  25%        N/A       11%         3
 Confusing Touch          Hex            23%        N/A       12%         3
 Gell's Gravitas          Tloc           11%        N/A       12%         3
 Lesser Beckoning         Tloc           11%        N/A       12%         3
 Tukima's Dance           Hex            23%        N/A       12%         3
 Petrify                  Tmut/Erth      23%        N/A       36%         4
 Freezing Cloud           Conj/Ice/Air   38%        6-21      52%         6
 Lee's Rapid Deconstruct  Erth           11%        3d9*      73%         5
 Yara's Violent Unravell  Hex/Tmut       11%        3d6       73%         5


Dungeon Overview and Level Annotations

Branches:
Dungeon (15/15)            Temple (1/1) D:7            Lair (0/6) D:10
    Orc (0/2) D:12         Vaults (0/5) D:13         Depths (0/5) D:15
  Sewer (visited)

Altars:
Ashenzari
Elyvilon
Fedhas
Gozag
Hepliaklqana
Okawaru
Qazlal
Ru
Vehumet
Xom
Yredelemnul
Zin
The Shining One

Shops:
D:4 !   D:9 [   D:13 (

Annotations:
D:12 exclusion: ice statue


Innate Abilities, Weirdness & Mutations

You are mostly covered in iridescent scales. (AC +4)
You are resistant to electric shocks. (rElec)
Your muscles are strong. (Str +2)


Message History

Your larval weirdsting beast's corpse disappears in a puff of smoke!
Your frozen ramparts will break if you move.
Continue?
The frozen ramparts melt away as you move.
An efreet comes into view.
It is wielding a +4 scimitar of flaming.
The centaur warrior shoots an arrow.
You block the arrow.
You see here a manticore corpse.
Casting: Hailstorm (mildly dangerous; 1% risk of failure)
Confirm with . or Enter, or press ? or * to list all spells.
Casting: Frozen Ramparts (safe; 0% risk of failure)
Press: ? - help, Dir - look around, f - activate
There is a cloud of sparse dust here.
You feel a strong surge of power!
The walls around you are covered in ice.
The wall freezes the centaur warrior.
Casting: Frozen Ramparts (safe; 0% risk of failure)
Confirm with . or Enter, or press ? or * to list all spells.
Aiming: Freeze (safe; 0% risk of failure)
Press: ? - help, Shift-Dir - straight line, f - centaur warrior
Aim: a centaur warrior, wielding a +0 longbow and quivering arrows (lightly wounded)
You feel a strong surge of power!
You freeze the centaur warrior.
The centaur warrior is lightly wounded.
The wall freezes the centaur warrior!
The centaur warrior unwields a +0 longbow.
You block the centaur warrior's attack. x2; The efreet is frozen!
The wall freezes the efreet!!
The efreet closely misses you.
Casting: Freeze (safe; 0% risk of failure)
Confirm with . or Enter, or press ? or * to list all spells.
Aiming: Freeze (safe; 0% risk of failure)
Press: ? - help, Shift-Dir - straight line, f/p - centaur warrior
Aim: a centaur warrior, quivering arrows (moderately wounded)
You feel a strong surge of power!
You freeze the centaur warrior!
The centaur warrior is heavily wounded.
The wall freezes the centaur warrior.
You block the centaur warrior's attack.
The centaur warrior kicks you but does no damage.
The efreet is frozen!
The wall freezes the efreet!
The efreet gestures at you. The bolt of fire hits you! You resist.
Your resistance to physical damage fades away.
You feel protected from fire.
You die...

#.#.#.#'#.(.#.##.............
#....B.#)..○..#######........
#.#.#.####(#.#########.....##
## #g#'##.#'#'# #....
#..#...# .####.#.#
#.(.)###H... #.#.#..#
...#.... #..†#(#'#.# #..#...#
..#'#.# #[.....#°. #.....##
PB.#.. #...#°cR# #......#
⌠○#°# #)..°§@## #......#
.○○#.. ##[.§...# #.###..#
#CT###### ######## #.....##
+##.'...# #....... #.#'#.#.#
#......# ..#.. .. #..#.#..
..#.#. ## #' #......# ..#...#
..# #..#.#.# #(### # # #.#
#......#


You could see a centaur warrior and an efreet.

Vanquished Creatures
  5 hydras
  5 vault guards (D:13)
  A rakshasa (D:15)
  4 boulder beetles
  A two-headed ogre (D:13)
  2 tengu warriors (D:13)
  A death knight (D:15)
  8 centaur warriors
  A fire crab (shapeshifter) (D:15)
  A flayed ghost (D:15)
  5 skeletal warriors (D:14)
  A deep elf archer (D:15)
  An orc knight (D:15)
  A wolf spider (D:15)
  4 deep elf pyromancers
  6 manticores
  A deep elf zephyrmancer (D:15)
  A faun (shapeshifter) (D:15)
  19 ugly things
  8 cyclopes
  A moth of wrath (shapeshifter) (D:15)
  2 gargoyles
  A cane toad (shapeshifter) (D:14)
  A kobold demonologist (D:6)
  2 unseen horrors
  2 efreet (D:15)
  3 tengu conjurers (D:13)
  3 trolls
  A jumping spider (shapeshifter) (D:15)
  2 meliai (D:15)
  A hornet (shapeshifter) (D:14)
  A meliai (shapeshifter) (D:13)
  A hornet (D:15)
  Grinder (D:6)
  A dream sheep (shapeshifter) (D:15)
  9 slime creatures
  A water elemental (D:13)
  A spriggan (shapeshifter) (D:15)
  Eustachio (D:6)
  7 yaks
  2 wraiths
  A wyvern (D:8)
  6 humans (D:13)
  2 steam dragons
  14 vampire mosquitoes
  Edmund (D:6)
  A warg (D:15)
  An acid dragon (shapeshifter) (D:15)
  A floating eye (shapeshifter) (D:15)
  3 water moccasins
  Duvessa (D:6)
  A swamp drake (shapeshifter) (D:15)
  10 orc warriors
  A black bear (D:6)
  2 ice beasts
  4 sky beasts
  5 necrophages
  12 centaurs
  A centaur (shapeshifter) (D:15)
  4 ogres
  4 kobold brigands
  A gnoll sergeant (D:5)
  2 bullfrogs
  3 scorpions
  A wyvern zombie (D:6)
  Dowan (D:6)
  2 water moccasin zombies
  A hornet simulacrum (D:15)
  15 killer bees
  3 howler monkeys
  8 wights
  6 electric eels (D:13)
  A jelly (D:5)
  A bullfrog zombie (D:6)
  5 centaur zombies
  8 orc priests
  2 gnoll shamans
  A centaur skeleton (D:6)
  6 iguanas
  17 orc wizards
  A hound skeleton (D:5)
  2 howler monkey zombies
  13 gnolls
  11 adders
  4 white imps
  3 worms
  3 dart slugs (D:1)
  58 orcs
  7 ball pythons
  6 endoplasms
  A giant cockroach (D:3)
  4 goblins
  2 hobgoblins
  7 jackals
  3 quokkas
  4 bats
  A frilled lizard (D:2)
  28 kobolds
  13 rats
450 creatures vanquished.

Vanquished Creatures (others)
  A centaur simulacrum (D:15)
  A human (D:13)
  12 plants
14 creatures vanquished.

Grand Total: 464 creatures vanquished

Notes
Turn   | Place    | Note
-------+----------+-------------------------------------------
     0 | D:1      | Lanoc the Deep Elf Wanderer began the quest for the Orb.
     0 | D:1      | Lanoc set off with the following items: a +0 dagger, a
                  | potion of curing, a +0 robe; and the following spells
                  | available to memorise: Freeze, Apportation, Frozen
                  | Ramparts, Ozocubu's Armour, Lesser Beckoning, Hailstorm,
                  | Summon Ice Beast
     0 | D:1      | Reached XP level 1. HP: 10/10 MP: 7/7
    32 | D:1      | Learned a level 1 spell: Freeze
   274 | D:1      | Found a faded altar of an unknown god.
   288 | D:1      | Became a worshipper of Xom of Chaos
   554 | D:1      | XOM: divination: magic mapping
   557 | D:1      | Learned a level 1 spell: Magic Dart
   646 | D:1      | XOM: divination: detect creatures
   651 | D:1      | Reached XP level 2. HP: 16/16 MP: 5/9
   782 | D:1      | Reached skill level 2 in Ice Magic
  1046 | D:2      | XOM: stealth player
  1223 | D:2      | XOM: god gift: 32 gold pieces
  1270 | D:2      | XOM: 1-stop teleportation journey
  1383 | D:2      | XOM: scenery: 1 doors close
  1506 | D:2      | Reached XP level 3. HP: 13/20 MP: 7/10
  1538 | D:2      | XOM is BORED!
  1554 | D:2      | XOM: give mutation
  1554 | D:2      | Gained mutation: You are resistant to electric shocks.
                  | (rElec) [Xom's grace]
  1591 | D:2      | XOM: 4-stop teleportation journey
  1595 | D:2      | Reached skill level 1 in Fighting
  1665 | D:2      | XOM: 3-stop teleportation journey
  1709 | D:2      | Learned a level 3 spell: Frozen Ramparts
  1867 | D:2      | Reached skill level 3 in Ice Magic
  2181 | D:2      | XOM: give mutations
  2181 | D:2      | Gained mutation: You are partially covered in iridescent
                  | scales. (AC +2) [Xom's grace]
  2181 | D:2      | Gained mutation: You are mostly covered in iridescent
                  | scales. (AC +4) [Xom's grace]
  2256 | D:2      | XOM: scenery: summon butterflies
  2318 | D:3      | Reached XP level 4. HP: 11/25 MP: 6/12
  2468 | D:3      | Found a glowing drain.
  2580 | Sewer    | Entered a sewer
  2645 | Sewer    | Noticed a kobold brigand
  2652 | Sewer    | XOM: enchant monster (good)
  2671 | Sewer    | XOM: divination: detect items
  2675 | Sewer    | Killed a kobold brigand
  2676 | Sewer    | Reached skill level 4 in Ice Magic
  2676 | Sewer    | Reached XP level 5. HP: 24/30 MP: 4/13
  2757 | Sewer    | Found a white marble altar of Elyvilon.
  2981 | D:3      | XOM: god gift: 23 stones
  3649 | D:3      | XOM: cloud trail
  3703 | D:3      | XOM: god gift: 1315 gold pieces
  3961 | D:4      | Found a stormy altar of Qazlal.
  3971 | D:4      | Fell from the grace of Xom
  3971 | D:4      | Became a worshipper of Qazlal Stormbringer
  3998 | D:4      | Found Pearur's Distillery.
  4017 | D:4      | Reached XP level 6. HP: 15/35 MP: 6/14
  4025 | D:4      | Bought a potion of heal wounds for 70 gold pieces
  4025 | D:4      | Bought a potion of resistance for 140 gold pieces
  4025 | D:4      | Bought 2 potions of heal wounds for 140 gold pieces
  4025 | D:4      | Bought a potion of heal wounds for 70 gold pieces
  4025 | D:4      | Bought a potion of haste for 140 gold pieces
  4025 | D:4      | Bought a potion of might for 56 gold pieces
  4025 | D:4      | Bought a potion of berserk rage for 70 gold pieces
  4025 | D:4      | Bought a potion of curing for 42 gold pieces
  4025 | D:4      | Bought 2 potions of cancellation for 224 gold pieces
  4316 | D:4      | Found a shimmering altar of Xom.
  4487 | D:4      | XOM: summons 4 hostile shadow creatures
  4488 | D:4      | Noticed a steam dragon
  4539 | D:4      | XOM: give mutation
  4539 | D:4      | Gained mutation: Your body sometimes deteriorates upon
                  | taking damage. [Xom's mischief]
  4651 | D:4      | Found a broken altar of Ashenzari.
  4651 | D:4      | Found a basalt altar of Yredelemnul.
  4651 | D:4      | Found a radiant altar of Vehumet.
  4932 | D:5      | Entered Level 5 of the Dungeon
  4932 | D:5      | Noticed a sky beast
  4941 | D:5      | Killed a sky beast
  4942 | D:5      | Reached skill level 5 in Ice Magic
  5222 | D:5      | Reached skill level 5 in Dodging
  5233 | D:5      | Reached XP level 7. HP: 25/40 MP: 7/15
  5466 | D:5      | XOM: summons 6 hostile demons
  5467 | D:5      | Noticed a smoke demon
  5617 | D:5      | XOM: 7-stop teleportation journey
  5620 | D:5      | Reached skill level 6 in Ice Magic
  5667 | D:5      | XOM: give mutations
  5667 | D:5      | Gained mutation: Your body often deteriorates upon taking
                  | damage. [Xom's mischief]
  5667 | D:5      | Gained mutation: Potions are less effective at restoring
                  | your health. [Xom's mischief]
  5845 | D:5      | Identified the +6 flail "Demonslayer" {vorpal, rElec rPois
                  | rF- Dex+3}
  6389 | D:5      | Reached * piety under Qazlal
  6390 | D:5      | Reached skill level 7 in Ice Magic
  6396 | D:5      | Reached XP level 8. HP: 9/47 MP: 11/16
  6542 | D:5      | XOM: stat loss: -3 Int (18/21)
  6562 | D:5      | Noticed a gargoyle
  6762 | D:5      | Reached skill level 8 in Ice Magic
  6898 | D:5      | XOM: divination: magic mapping
  7175 | D:5      | Killed a gargoyle
  7176 | D:5      | Reached skill level 9 in Ice Magic
  7176 | D:5      | Reached XP level 9. HP: 41/52 MP: 8/17
  7393 | D:6      | Noticed Duvessa
  7398 | D:6      | Noticed Dowan
  7399 | D:6      | Killed Duvessa
  7406 | D:6      | Killed Dowan
  7420 | D:6      | XOM: 2-stop teleportation journey
  7474 | D:6      | Reached skill level 5 in Fighting
  7765 | D:6      | Noticed Edmund
  7777 | D:6      | Killed Edmund
  7778 | D:6      | Reached skill level 10 in Ice Magic
  7898 | D:6      | Noticed a kobold demonologist
  7903 | D:6      | Noticed a soul eater
  7906 | D:6      | HP: 1/52 [soul eater[a kobold demonologist] (3)]
  7907 | D:6      | Killed a kobold demonologist
  7911 | D:6      | XOM: give mutations
  7911 | D:6      | Gained mutation: You occasionally shout uncontrollably at
                  | your foes. [Xom's mischief]
  7911 | D:6      | Gained mutation: You sometimes lose the ability to read
                  | scrolls when taking damage. [Xom's mischief]
  7911 | D:6      | Lost mutation: You occasionally shout uncontrollably at
                  | your foes. [Xom's mischief]
  7911 | D:6      | Gained mutation: You are completely covered in iridescent
                  | scales. (AC +6) [Xom's mischief]
  8193 | D:6      | XOM: summons 1 hostile shadow creature
  8243 | D:6      | Noticed Eustachio
  8247 | D:6      | Killed Eustachio
  8328 | D:6      | Reached ** piety under Qazlal
  8352 | D:6      | Reached skill level 11 in Ice Magic
  8624 | D:6      | Noticed Grinder
  8636 | D:6      | Reached XP level 10. HP: 60/60 MP: 14/18
  8647 | D:6      | Killed Grinder
  9245 | D:7      | XOM: 1-stop teleportation journey
  9793 | D:7      | Found a staircase to the Ecumenical Temple.
  9800 | Temple   | Entered the Ecumenical Temple
 10044 | D:7      | XOM: stat loss: -3 Dex (11/17)
 10255 | D:8      | Reached *** piety under Qazlal
 10339 | D:8      | XOM: 2-stop teleportation journey
 10426 | D:8      | Learned a level 3 spell: Ozocubu's Armour
 10431 | D:8      | Learned a level 4 spell: Hailstorm
 10436 | D:8      | Learned a level 4 spell: Summon Ice Beast
 10500 | D:8      | XOM: 1-stop teleportation journey
 10534 | D:8      | Reached skill level 12 in Ice Magic
 10987 | D:9      | Reached skill level 10 in Dodging
 11009 | D:9      | XOM: noise
 11100 | D:9      | XOM: noise
 11154 | D:9      | XOM: confuse monster(s)
 11254 | D:9      | Found a sacrificial altar of Ru.
 11295 | D:9      | Found Quehyu's Armour Emporium.
 11389 | D:9      | Identified the +7 hand axe of Fortitude {vorpal, rN++
                  | Str+3}
 11645 | D:10     | Entered Level 10 of the Dungeon
 11655 | D:10     | Found a staircase to the Lair.
 11674 | D:10     | Noticed a centaur warrior
 11687 | D:10     | Killed a centaur warrior
 11697 | D:10     | Reached XP level 11. HP: 42/67 MP: 13/19
 11841 | D:10     | Reached **** piety under Qazlal
 11842 | D:10     | Reached skill level 13 in Ice Magic
 11887 | D:10     | Identified the +9 mace of a Gauntlet {vorpal, Int+3}
 12748 | D:11     | Identified a scroll of acquirement
 12749 | D:11     | Acquired the amulet "Ogapn" {RegenMP Str+6}
 13033 | D:11     | Reached skill level 5 in Spellcasting
 13602 | D:11     | Found a blossoming altar of Fedhas.
 13859 | D:11     | Noticed a centaur warrior
 13871 | D:11     | Killed a centaur warrior
 14202 | D:12     | Learned a level 2 spell: Blink
 14204 | D:12     | Learned a level 1 spell: Apportation
 14326 | D:12     | Noticed a green ugly thing
 14332 | D:12     | Killed a green ugly thing
 14475 | D:12     | Reached ***** piety under Qazlal
 14507 | D:12     | Found a staircase to the Orcish Mines.
 15088 | D:13     | XOM: 1-stop teleportation journey
 15090 | D:13     | Noticed a centaur warrior
 15099 | D:13     | Noticed a centaur warrior
 15104 | D:13     | Killed a centaur warrior
 15111 | D:13     | Reached XP level 12. HP: 44/74 MP: 21/25
 15115 | D:13     | Killed a centaur warrior
 15259 | D:13     | Found Xeit's Weapon Emporium.
 15378 | D:13     | XOM: 4-stop teleportation journey
 15379 | D:13     | Noticed a centaur warrior
 15389 | D:13     | Killed a centaur warrior
 15390 | D:13     | Reached skill level 14 in Ice Magic
 15404 | D:13     | Noticed a two-headed ogre
 15406 | D:13     | Noticed a tengu warrior
 15418 | D:13     | Killed a two-headed ogre
 15421 | D:13     | Killed a tengu warrior
 15856 | D:13     | Noticed a vault guard
 15857 | D:13     | Noticed a vault guard
 15875 | D:13     | Killed a vault guard
 15878 | D:13     | Killed a vault guard
 15889 | D:13     | Noticed a vault guard
 15895 | D:13     | Noticed a vault guard
 15897 | D:13     | Killed a vault guard
 15910 | D:13     | Killed a vault guard
 15916 | D:13     | Noticed a vault guard
 15929 | D:13     | Killed a vault guard
 16142 | D:13     | Noticed a tengu warrior
 16152 | D:13     | Killed a tengu warrior
 16244 | D:13     | Found a white marble altar of Elyvilon.
 16284 | D:13     | Was forgiven by Xom
 16318 | D:13     | Lost mutation: Your body often deteriorates upon taking
                  | damage. [potion of mutation]
 16318 | D:13     | Lost mutation: You sometimes lose the ability to read
                  | scrolls when taking damage. [potion of mutation]
 16318 | D:13     | Lost mutation: You are completely covered in iridescent
                  | scales. (AC +6) [potion of mutation]
 16318 | D:13     | Lost mutation: Your body sometimes deteriorates upon taking
                  | damage. [potion of mutation]
 16318 | D:13     | Lost mutation: Potions are less effective at restoring your
                  | health. [potion of mutation]
 16318 | D:13     | Gained mutation: Your muscles are strong. (Str +2) [potion
                  | of mutation]
 16337 | D:13     | Found a gate to the Vaults.
 16617 | D:14     | Noticed a centaur warrior
 16621 | D:14     | Killed a centaur warrior
 16776 | D:14     | Noticed a seven-headed hydra
 16792 | D:14     | Killed a seven-headed hydra
 16793 | D:14     | Reached XP level 13. HP: 41/80 MP: 18/28
 17023 | D:14     | Reached skill level 10 in Spellcasting
 17154 | D:14     | HP: 3/80 [deep elf pyromancer/bolt of fire (32)]
 17877 | D:14     | Reached skill level 15 in Ice Magic
 18264 | D:14     | Found a glowing silver altar of Zin.
 18264 | D:14     | Noticed an angel
 18546 | D:15     | Entered Level 15 of the Dungeon
 19082 | D:15     | Paralysed by a hornet for 3 turns
 19210 | D:15     | Reached skill level 10 in Fighting
 20007 | D:15     | Reached XP level 14. HP: 80/88 MP: 21/31
 20049 | D:15     | Found a staircase to the Depths.
 20134 | D:15     | Found an opulent altar of Gozag.
 20134 | D:15     | Found a sacrificial altar of Ru.
 20135 | D:15     | Found an iron altar of Okawaru.
 20518 | D:15     | Noticed a fire giant
 21039 | D:15     | Noticed a stone giant
 21110 | D:15     | Killed from afar by an efreet

Illustrated notes

Levels and vault maps discovered:
D:1:      scummos_arrival_simple_crosswalls, layout_loops_ring,
          chequers_ecumenical_altar_island
D:2:      layout_basic
D:3:      layout_loops_corners, cheibrodos_sewer_entry_drain,
          kennysheep_small_spiral
D:4:      layout_loops_cross, tgw_xom, lemuel_crystal_altar,
          gammafunk_temple_overflow_forgotten, serial_shops,
          kennysheep_little_box, minmay_misc_feat_room
D:5:      kennysheep_windowed_halls, layout_basic
D:6:      minmay_opposing_rooms, layout_rooms, uniq_grinder, uniq_duvessa,
          uniq_eustachio, uniq_edmund
D:7:      layout_basic, minmay_temple_entry_statues_fountains
D:8:      layout_basic
D:9:      layout_roguey, nicolae_ru_the_path_less_chosen, serial_corexii_hall,
          corexii_hall_statues_x, corexii_hall_statues_x, serial_shops, shop
D:10:     layout_stronghold, dpeg_oklobed_lair, lightli_orcish_oven
D:11:     layout_irregular_city, fedhas_bush_and_centaur_altar
D:12:     lemuel_ice_statue, layout_basic, david_orc_4
D:13:     layout_basic, ximxim_vaults_locker_room, serial_shops,
          nicolae_shop_behind_doors, elyvilon_altar_4
D:14:     layout_loops_ring, serial_park_tiny_2, zin_angel
D:15:     hangedman_slaughterboxes
Temple:   kb_temple_of_zot

Skill      XL: |  1  2  3  4  5  6  7  8  9 10 11 12 13 14 |
---------------+-------------------------------------------+-----
Ice Magic      | 2 3 4 5 7 9 11 12 13 14 15 | 15.9
Dodging        | 3 4 5 6 7 9 10 11 12 14 | 14.8
Fighting       | 1 2 3 4 5 7 8 9 10 | 10.7
Spellcasting   | 7 9 11 12 | 12.8
Shields        | 4 |  4.0
Staves         | |  1.0
Stealth        | |  1.2
Conjurations   | |  1.1

Action                   |  1- 3 |  4- 6 |  7- 9 | 10-12 | 13-15 || total
-------------------------+-------+-------+-------+-------+-------++-------
Melee: Dagger            |    16 |    58 |       |       |       ||    74
       Whip              |       |     8 |    38 |       |       ||    46
       Flail             |       |       |   111 |    70 |       ||   181
       Staff             |       |       |       |   227 |    97 ||   324
Throw: Dart              |       |       |       |       |     1 ||     1
 Cast: Freeze            |    35 |    18 |     2 |    61 |   143 ||   259
       Magic Dart        |    42 |    42 |    14 |    18 |    47 ||   163
       Frozen Ramparts   |       |    20 |    33 |    85 |    49 ||   187
       Hailstorm         |       |       |       |       |     6 ||     6
       Ozocubu's Armour  |       |       |       |       |     2 ||     2
Evoke: Box of beasts     |       |       |       |       |     1 ||     1
       Condenser vane    |       |       |       |       |     1 ||     1
  Use: Scroll            |     4 |       |    11 |     5 |     3 ||    23
       Potion            |       |     1 |     1 |     5 |    13 ||    20
 Stab: Sleeping          |       |     1 |       |       |       ||     1
Armor: Robe              |     3 |    20 |    57 |    26 |       ||   106
       Steam dragon scal |       |       |       |   159 |    85 ||   244
Dodge: Dodged            |    27 |    54 |   149 |   364 |   191 ||   785
       Repelled          |       |       |       |     5 |     5 ||    10
Block: Other             |       |       |    12 |    67 |       ||    79
       Buckler           |       |       |       |    87 |   173 ||   260

Table legend: (Time is in decaauts)
 A = Elapsed time spent in this place.
 B = Non-inter-level travel time spent in this place.
 C = Inter-level travel time spent in this place.
 D = Time resting spent in this place.
 E = Time spent auto-exploring this place.
 F = Levels seen in this place.
 G = Mean time per level.
                   A        B        C        D        E       F      G
               +--------+--------+--------+--------+--------+-----+--------+
         Total |  21325 |  20856 |    469 |    422 |  17126 |  17 | 1254.4 |
       Dungeon |  21018 |  20549 |    469 |    422 |  16985 |  15 | 1401.2 |
        Temple |      1 |      1 |      0 |      0 |      0 |   1 |    1.0 |
         Sewer |    304 |    304 |      0 |      0 |    141 |   1 |  304.0 |
               +--------+--------+--------+--------+--------+-----+--------+

Top non-repeatable levels by time:
    D:15: 2569 daAuts
     D:5: 2460 daAuts
    D:14: 1940 daAuts
     D:6: 1877 daAuts
    D:13: 1646 daAuts
    D:11: 1464 daAuts
     D:3: 1277 daAuts
     D:2: 1260 daAuts
    D:10: 1103 daAuts
     D:4: 1085 daAuts
     D:1: 1052 daAuts
     D:7: 1011 daAuts
    D:12: 818 daAuts
     D:9: 729 daAuts
     D:8: 721 daAuts
